 Dungeon Crawl Stone Soup version 0.28.0 (webtiles) character file.

Game seed: 14166713937590282512

6 croobank the Skirmisher (level 1, 0/20 HPs)
             Began as a Ghoul Abyssal Knight on Feb 8, 2022.
             Was a Follower of Lugonu.
             Slain by a quokka (3 damage)
             ... on level 1 of the Dungeon.
             The game lasted 00:01:08 (132 turns).

croobank the Skirmisher (Ghoul Abyssal Knight)       Turns: 132, Time: 00:01:08

Health: 0/20       AC:  3    Str: 16    XL:     1   Next: 90%
Magic:  1/1        EV: 11    Int:  5    God:    Lugonu [*.....]
Gold:   0          SH:  0    Dex:  9    Spells: 0/0 levels left

rFire   . . .      SeeInvis .     - Unarmed
rCold   + . .      Faith    .   (no shield)
rNeg    + + +      Spirit   .   a - +0 leather armour
rPois   ∞          Reflect  .   (no helmet)
rElec   .          Harm     .   (no cloak)
rCorr   .          Rampage  .   (no gloves)
Will    .....                   (no boots)
Stlth   +.........              (no amulet)
HPRegen 0.00/turn               (no ring)
MPRegen 0.07/turn               (no ring)

@: inhibited regen
A: claws 1, cold resistance 1, negative energy resistance 3, inhibited
regeneration, torment resistance 2
a: Renounce Religion, Depart the Abyss


You were on level 1 of the Dungeon.
You worshipped Lugonu.
Lugonu was aware of your devotion.
You visited 1 branch of the dungeon, and saw 1 of its levels.
You visited the Abyss 1 time.

Inventory:

Missiles
 d - 23 stones
Armour
 a - a +0 leather armour (worn)
Scrolls
 c - a scroll of immolation {unknown}


   Skills:
 + Level 3.7 Fighting
 + Level 1.7 Armour
 + Level 0.8 Dodging
 + Level 2.3 Unarmed Combat
 + Level 2.0 Invocations


You couldn't memorise any spells.
You didn't know any spells.
Your spell library was empty.

Dungeon Overview and Level Annotations

Branches:
Dungeon (1/15)

Altars:


Innate Abilities, Weirdness & Mutations

You thrive by killing the living.
You are immune to poison.
You have sharp fingernails.
Your flesh is cold resistant. (rC+)
You are immune to negative energy. (rN+++)
You do not regenerate when monsters are visible.
You are immune to unholy pain and torment.


Message History

You scratch the frilled lizard but do no damage.
The frilled lizard bites you but does no damage.
The quokka bites you but does no damage.
You barely miss the frilled lizard. The frilled lizard barely misses you.
The quokka bites you.
You miss the frilled lizard. The frilled lizard bites you.
The quokka bites you.
You scratch the frilled lizard.
The frilled lizard is heavily wounded.
The frilled lizard bites you.
* * * LOW HITPOINT WARNING * * *
The quokka bites you.
* * * LOW HITPOINT WARNING * * *
A bat comes into view.
The quokka bites you but does no damage.
The quokka closely misses you. The quokka closely misses you.
The quokka bites you but does no damage.
A bat comes into view.
You closely miss the bat. The bat misses you. The quokka barely misses you.
It was a potion of curing.
You feel better. The bat closely misses you. The quokka bites you.
You scratch the bat.
You kill the bat!
Lugonu accepts your kill. The quokka barely misses you. The quokka misses you.
You see here a bat corpse.
You closely miss the quokka. The quokka bites you.
* * * LOW HITPOINT WARNING * * *
You closely miss the quokka.
The quokka bites you but does no damage.
The quokka closely misses you. The quokka bites you.
* * * LOW HITPOINT WARNING * * *
You scratch the quokka but do no damage.
The quokka closely misses you.
The quokka bites you but does no damage.
The quokka bites you.
You die...

..#....)..# #.#.#....b..#
##...#..####............
##..#.......#.#...###.#
#.$####.#..###...........#.
#..........# #....#######.#
#.#####.#..###.#### #l.
##.#...... #.#
#####.....##############.#
####...#....@.# #..l.l...†.#
#..#.#<#.####r####.##########
#.##.###.# #b...l.#
#........# #.######
#'##.....# #.. #.......## #.#
#.##.#### #.# #..#.#.# #.#
####...# ..#


You could see a quokka and a bat.

Vanquished Creatures
  A ball python (D:1)
  2 goblins (D:1)
  A bat (D:1)
  A kobold (D:1)
  A rat (D:1)
6 creatures vanquished.

Notes
Turn   | Place    | Note
-------+----------+-------------------------------------------
     0 | Abyss:1  | croobank the Ghoul Abyssal Knight began the quest for the
                  | Orb.
     0 | Abyss:1  | Reached XP level 1. HP: 19/19 MP: 1/1
    22 | D:1      | Escaped the Abyss
   132 | D:1      | Slain by a quokka

Illustrated notes

Levels and vault maps discovered:
D:1:      onia_arrival_mini_spirals, layout_loops_ring, minmay_worlds_worst_comb

Action                   || total
-------------------------++-------
Melee: Unarmed           ||    24
  Use: Potion            ||     1
Armor: Leather armour    ||    12
Dodge: Dodged            ||    23
